 Dungeon Crawl Stone Soup version 0.30-a0-469-g84de5afbc5 (webtiles) character file.

Game seed: 12462738012885790239

102 kae the Firebug (level 4, -1/24 HPs)
             Began as a Tengu Fire Elementalist on Dec 19, 2022.
             Slain by a river rat (2 damage)
             ... in a sewer.
             The game lasted 00:01:43 (2341 turns).

kae the Firebug (Tengu Fire Elementalist)           Turns: 2341, Time: 00:01:44

Health: -1/24      AC:  2    Str:  8    XL:     4   Next: 78%
Magic:  1/9        EV: 12    Int: 17    God:
Gold:   145        SH:  0    Dex: 15    Spells: 2/8 levels left

rFire   . . .      SeeInvis .    g - staff of conjuration {!a}
rCold   . . .      Faith    .    (no shield)
rNeg    . . .      Spirit   .    a - +0 robe
rPois   .          Reflect  .    (helmet restricted)
rElec   .          Harm     .    (no cloak)
rCorr   .          Rampage  .    (no gloves)
Will    .....                    (boots unavailable)
Stlth   +.........               (no amulet)
HPRegen 0.24/turn                (no ring)
MPRegen 0.11/turn                (no ring)

@: very slow
A: beak, talons 3
a: no special abilities


You were in a sewer.
You visited 1 branch of the dungeon, and saw 3 of its levels.
You also visited: Sewer.

You collected 145 gold pieces.


Innate Abilities, Weirdness & Mutations

You have a beak for a mouth.
You have claws for feet.


   Skills:
 + Level 0.6 Staves
 - Level 2.1 Dodging
 - Level 2.0 Stealth
 * Level 2.7 Spellcasting
 * Level 3.5 Conjurations
 * Level 4.1 Fire Magic
 + Level 1.1 Evocations


You had 2 spell levels left.
You knew the following spells:

 Your Spells              Type           Power      Damage    Failure   Level
a - Foxfire               Conj/Fire      92%        2x1d8     3%          1
b - Scorch                Fire           32%        2d7       4%          2
c - Inner Flame           Hex/Fire       9%         N/A       22%         3

Your spell library contained the following spells:

 Spells                   Type           Power      Damage    Failure   Level
 Magic Dart               Conj           84%        1d7       4%          1
 Static Discharge         Conj/Air       24%        2-3/arc   13%         2
 Call Imp                 Summ           2%         N/A       26%         2
 Ensorcelled Hibernation  Hex/Ice        4%         N/A       26%         2
 Passwall                 Tmut/Erth      1%         N/A       26%         2
 Kindle Blastsparks       Fire/Tloc/Air  14%        2d11      30%         3
 Mephitic Cloud           Conj/Pois/Air  9%         N/A       32%         3
 Flame Wave               Conj/Fire      23%        2d8       36%         4
 Spider Form              Tmut/Pois      2%         N/A       47%         3
 Vhi's Electric Charge    Tloc/Air       4%         N/A       47%         3
 Anguish                  Hex/Necr       1%         N/A       87%         4
 Arcjolt                  Conj/Air       6%         1d16      94%         5
 Irradiate                Conj/Tmut      6%         3d13      94%         5
 Starburst                Conj/Fire      11%        6d5       99%         6
 Maxwell's Capacitive Co  Air            1%         ∞         100%        8

Inventory:

Missiles
 c - 40 stones
 d - 10 poisoned darts
Armour
 a - a +0 robe (worn)
Magical Staves
 g - a staff of conjuration (weapon) {!a}
   (You found it on level 1 of the Dungeon)
 l - a staff of earth {!a}
   (You found it on level 2 of the Dungeon)
Scrolls
 f - a scroll of fog {unknown}
 i - 2 scrolls of teleportation {@r4}
Potions
 b - a potion of magic
 e - 2 potions of heal wounds {unknown}
 h - a potion of haste {@q3}
 j - a potion of lignification {!q}
 k - a potion of attraction {unknown}
 o - a potion of berserk rage {!q}
 p - a potion of curing {@q1}

Dungeon Overview and Level Annotations

Branches:
Dungeon (3/15) Zot: 15910   Sewer (1/1) Zot: 5730

Altars:

################ #######
#.†.r..##.....!# #≈≈~~~~
#.#####.#...~..###≈~~###
#. ≈ #.####†###≈≈≈#.# #≈
#≈#.#≈≈≈~~~~~~##.# ≈l
#≈#.#~≈)~~.......# ~S
#≈rr#~~~...####### ~..
###@v~~...## r..
##v...### ######


You could see a river rat (ally target) and a rat.


Message History

You enter the shallow water.
Moving in this stuff is going to be slow.
A rat comes into view.
A rat is nearby!
A rat is nearby!
A rat is nearby!
Unknown command.
Casting: Foxfire (safe; 3% risk of failure)
Confirm with . or Enter, or press ? or * to list all spells.
You feel a surge of power!
You conjure some foxfire!
The foxfire hits the rat.
You kill the rat! 😎 MP[-1]
You lost 1 mp, and now have 8/9 mp.
Casting: Foxfire (safe; 3% risk of failure)
Confirm with . or Enter, or press ? or * to list all spells.
You feel a surge of power!
You conjure some foxfire! 😎 MP[-1]
You lost 1 mp, and now have 7/9 mp.
A rat and a frilled lizard come into view.
The frilled lizard hisses angrily.
You hear an angry hiss.
A rat comes into view.
A ball python comes into view.
You see here a rat corpse.
There are monsters nearby!
There are monsters nearby!
Casting: Foxfire (safe; 3% risk of failure)
Confirm with . or Enter, or press ? or * to list all spells.
Flames lash the rat.
You kill the rat! 😎 MP[-1]
You lost 1 mp, and now have 6/9 mp.
Casting: Scorch (safe; 4% risk of failure)
Confirm with . or Enter, or press ? or * to list all spells.
Flames lash the ball python.
You kill the ball python! 😎 MP[-2]
You lost 2 mp, and now have 4/9 mp.
Casting: Scorch (safe; 4% risk of failure)
Confirm with . or Enter, or press ? or * to list all spells.
Flames lash the frilled lizard.
You kill the frilled lizard!
A rat comes into view. 😎 MP[-2]
You lost 2 mp, and now have 2/9 mp.
Casting: Scorch (safe; 4% risk of failure)
Confirm with . or Enter, or press ? or * to list all spells.
Flames lash the rat.
You kill the rat!
Casting: Scorch (safe; 4% risk of failure)
Confirm with . or Enter, or press ? or * to list all spells.
You don't have enough magic to cast this spell. 😎 MP[-2]
You lost 2 mp, and now have 0/9 mp.
Casting: Scorch (safe; 4% risk of failure)
Confirm with . or Enter, or press ? or * to list all spells.
You don't have enough magic to cast this spell.
Really attack while wielding your staff of conjuration {!a}? [Y]es or [N]o only, please.
Really attack while wielding your staff of conjuration {!a}? [Y]es or [N]o only, please.
Really attack while wielding your staff of conjuration {!a}? [Y]es or [N]o only, please.
Really attack while wielding your staff of conjuration {!a}? [Y]es or [N]o only, please.
Really attack while wielding your staff of conjuration {!a}? [Y]es or [N]o only, please.
Really attack while wielding your staff of conjuration {!a}? [Y]es or [N]o only, please.
Really attack while wielding your staff of conjuration {!a}?
You hit the rat but do no damage. Your kick misses the rat.
The rat closely misses you.
A river rat comes into view.
The rat closely misses you. 😎 MP[+1]
You hit the rat. You claw the rat. You closely miss the river rat.
Your kick misses the river rat. The river rat bites you. 😕 HP[-3]
You take 3 damage, and now have 21/24 hp.
You closely miss the river rat. Your kick misses the river rat.
The river rat misses you. 😕 HP[+1]
The river rat attacks as you move away! The river rat bites you! 😮 HP[-8]
You take 8 damage, and now have 14/24 hp.
MASSIVE DAMAGE!! (PAUSE) 😮 MP[+1]
You enter the shallow water.
Moving in this stuff is going to be slow.
The river rat attacks as you move away! The river rat bites you!
* * * LOW HITPOINT WARNING * * *
The river rat bites you.
* * * LOW HITPOINT WARNING * * *
😱 HP[-13]
You take 13 damage, and now have 1/24 hp.
MASSIVE DAMAGE!! (PAUSE)
Casting: Scorch (safe; 4% risk of failure)
Confirm with . or Enter, or press ? or * to list all spells.
You feel a surge of power!
You conjure some foxfire!
The river rat bites you.
You die...

Skill      XL: |  1  2  3  4 |
---------------+-------------+-----
Conjurations   | 2 3 |  3.5
Fire Magic     | 4 |  4.1
Evocations     | 1 |  1.1
Staves         | |  0.6
Dodging        | |  2.1
Stealth        | |  2.0
Spellcasting   | |  2.7

Action                   |  1- 3 |  4- 6 || total
-------------------------+-------+-------++-------
Melee: Kick              |     1 |     1 ||     2
       Unarmed           |     1 |       ||     1
       Staff             |       |     4 ||     4
 Cast: Foxfire           |    85 |    20 ||   105
       Scorch            |       |     4 ||     4
  Use: Scroll            |     7 |       ||     7
Armor: Robe              |     1 |       ||     1
Dodge: Dodged            |     8 |     3 ||    11

Levels and vault maps discovered:
D:1:      dpeg_arrival_rhombi, layout_rooms
D:2:      layout_loops_corners, shapermc_ecumenical_altar_venn
D:3:      layout_loops_ring, grunt_temple_overflow_growth_and_decay,
          portal_sewer_entry_a, minivault_19
Sewer:    sewer_sea

Notes
Turn   | Place    | Note
-------+----------+-------------------------------------------
     0 | D:1      | kae the Tengu Fire Elementalist began the quest for the
                  | Orb.
     0 | D:1      | Reached XP level 1. HP: 10/10 MP: 4/4
     0 | D:1      | magus.rc [v1.11.3]
   125 | D:1      | Reached XP level 2. HP: 15/15 MP: 1/6
   143 | D:1      | Reached skill level 2 in Conjurations
   243 | D:1      | You pick up a book of Dreams and begin reading...
   243 | D:1      | You add the spells Ensorcelled Hibernation, Spider Form and
                  | Anguish to your library.
   514 | D:1      | Reached XP level 3. HP: 19/19 MP: 4/7
   517 | D:1      | Learned a level 2 spell: Scorch
   521 | D:1      | Learned a level 3 spell: Inner Flame
   789 | D:2      | Found a faded altar of an unknown god.
   877 | D:2      | You add the spells Vhi's Electric Charge, Arcjolt and
                  | Maxwell's Capacitive Coupling to your library.
  1478 | D:2      | You pick up a book of Minor Magic and begin reading...
  1478 | D:2      | You add the spells Magic Dart, Call Imp and Mephitic Cloud
                  | to your library.
  1967 | D:3      | Identified a scroll of acquirement
  1967 | D:3      | Acquired the Essays on Energetic Transmutation
  1968 | D:3      | You add the spells Static Discharge, Passwall, Irradiate
                  | and Starburst to your library.
  1996 | D:3      | Reached skill level 3 in Conjurations
  2070 | D:3      | Found a glowing drain.
  2078 | D:3      | Reached skill level 4 in Fire Magic
  2078 | D:3      | Reached XP level 4. HP: 24/24 MP: 5/8
  2089 | Sewer    | Entered a sewer
  2241 | Sewer    | Reached skill level 1 in Evocations
  2340 | Sewer    | HP: 5/24 [river rat (9)]
  2340 | Sewer    | HP: 1/24 [river rat (5)]
  2341 | Sewer    | Slain by a river rat

Vanquished Creatures
  A merfolk siren (Sewer)
  A river rat (D:3)
  An adder (D:3)
  2 dart slugs (D:1)
  3 endoplasms
  4 giant cockroaches
  2 goblins
  4 hobgoblins
  2 jackals (D:2)
  5 kobolds (D:1)
  3 quokkas
  8 ball pythons
  2 bats (D:2)
  6 frilled lizards
  15 rats
59 creatures vanquished.

Vanquished Creatures (others)
  179 foxfires
179 creatures vanquished.

Grand Total: 238 creatures vanquished

Table legend:
 A = Non-vault XP
 B = Vault XP
 C = Vault XP percentage of total XP
 D = Non-vault monster count
 E = Vault monster count
 F = Vault count percentage of total count
                 A         B        C        D         E       F
            +---------+---------+-------+---------+---------+-------
      Total |      61 |      86 |  58.5 |      35 |      24 |  40.7
            +---------+---------+-------+---------+---------+-------
        D:1 |      37 |       0 |   0.0 |      20 |       0 |   0.0
        D:2 |      22 |       0 |   0.0 |      14 |       0 |   0.0
        D:3 |       2 |      33 |  94.3 |       1 |       5 |  83.3
      Sewer |       0 |      53 | 100.0 |       0 |      19 | 100.0
            +---------+---------+-------+---------+---------+-------

Illustrated notes

Table legend:
 A = Kills in this place as a percentage of kills in entire the game.
 B = Kills by you in this place as a percentage of kills by you in the entire game.
 C = Kills by friends in this place as a percentage of kills by friends in the entire game.
 D = Other kills in this place as a percentage of other kills in the entire game.
 E = Experience gained in this place as a percentage of experience gained in the entire game.
 F = Experience gained in this place divided by the number of levels of this place that you have seen.
                   A       B       C       D       E      F
               +-------+-------+-------+-------+-------+----------------------
         Total | 100.0 | 100.0 |   N/A |   N/A | 100.0 |  36.8
       Dungeon |  67.8 |  67.8 |   N/A |   N/A |  63.9 |  31.3
         Sewer |  32.2 |  32.2 |   N/A |   N/A |  36.1 |  53.0
               +-------+-------+-------+-------+-------+----------------------

Table legend: (Time is in decaauts)
 A = Elapsed time spent in this place.
 B = Non-inter-level travel time spent in this place.
 C = Inter-level travel time spent in this place.
 D = Time resting spent in this place.
 E = Time spent auto-exploring this place.
 F = Levels seen in this place.
 G = Mean time per level.
                   A        B        C        D        E       F      G
               +--------+--------+--------+--------+--------+-----+--------+
         Total |   2358 |   2292 |     66 |      8 |   1926 |   4 |  589.5 |
       Dungeon |   2089 |   2023 |     66 |      0 |   1749 |   3 |  696.3 |
         Sewer |    268 |    268 |      0 |      8 |    177 |   1 |  268.0 |
               +--------+--------+--------+--------+--------+-----+--------+

Top non-repeatable levels by time:
     D:2: 1195 daAuts
     D:1: 769 daAuts
   Sewer: 268 daAuts
     D:3: 123 daAuts
